 Dungeon Crawl Stone Soup version 0.29.1-2-gbd0b4ee654 (webtiles) character file.

Game seed: 4629697252289364785

156 Goreval the Insei (level 5, -3/45 HPs)
             Began as a Naga Transmuter on Nov 19, 2022.
             Slain by a river rat (8 damage)
             ... on level 3 of the Dungeon.
             The game lasted 00:08:38 (2817 turns).

Goreval the Insei (Naga Transmuter)                 Turns: 2817, Time: 00:08:38

Health: -3/45      AC:  2    Str: 12    XL:     5   Next: 38%
Magic:  7/8        EV: 10    Int: 15    God:
Gold:   104        SH:  0    Dex: 12    Spells: 3/9 levels left

rFire   . . .      SeeInvis +     - Unarmed
rCold   . . .      Faith    .   (no shield)
rNeg    . . .      Spirit   .   a - +0 robe
rPois   +          Reflect  .   (helmet currently unavailable)
rElec   .          Harm     .   (no cloak)
rCorr   .          Rampage  .   (no gloves)
Will    .....                   (no barding)
Stlth   +.........              (no amulet)
HPRegen 0.15/turn               (no ring)
MPRegen 0.11/turn               (no ring)

@: short of breath, appendages, very slow
A: horns 2, AC +1, large, see invisible, deformed body, poison resistance,
slowness 2, spit poison 1, naga tail 1
a: Spit Poison, End Transformation


You were on level 3 of the Dungeon.
You had temporarily grown beastly horns.
You visited 1 branch of the dungeon, and saw 3 of its levels.

You collected 104 gold pieces.

Inventory:

Missiles
 c - 13 stones
Armour
 a - a +0 robe (worn)
 k - a +0 helmet (melded)
 o - a +0 cloak
Scrolls
 e - a scroll of vulnerability {unknown}
 f - 2 scrolls of fear {unknown}
 g - 2 scrolls of identify {unknown}
 j - a scroll of amnesia {unknown}
 m - a scroll of noise {unknown}
 n - a scroll of magic mapping {unknown}
Potions
 b - 2 potions of lignification
 d - a potion of degeneration {unknown}
 h - a potion of flight {unknown}
 i - a potion of mutation {unknown}
 l - a potion of cancellation {unknown}
 p - a potion of curing {unknown}


   Skills:
 + Level 1.9 Fighting
 + Level 2.1 Dodging
 * Level 3.9 Unarmed Combat
 + Level 2.5 Spellcasting
 * Level 3.3 Transmutations
 * Level 1.3 Poison Magic


You had 3 spell levels left.
You knew the following spells:

 Your Spells              Type           Power      Damage    Failure   Level
a - Beastly Appendage     Tmut           24%        N/A       5%          1
b - Wereblood             Tmut           12%        N/A       8%          2
c - Spider Form           Tmut/Pois      9%         N/A       24%         3

Your spell library contained the following spells:

 Spells                   Type           Power      Damage    Failure   Level
 Sublimation of Blood     Necr           1%         N/A       32%         2
 Ice Form                 Ice/Tmut       6%         N/A       71%         4
 Petrify                  Tmut/Erth      6%         N/A       71%         4
 Irradiate                Conj/Tmut      3%         3d12      96%         5


Dungeon Overview and Level Annotations

Branches:
Dungeon (3/15)

Altars:


Innate Abilities, Weirdness & Mutations

You have temporarily grown beastly horns.
Your serpentine skin is tough. (AC +1)
You have supernaturally acute eyesight. (SInv)
Armour fits poorly on your strangely shaped body.
Your system is resistant to poisons. (rPois)
You cover ground very slowly.
You can spit poison.
You have a snake-like lower body.


Message History

The helpless adder fails to defend itself.
You hit the adder. The adder bites you. The adder closely misses you.
You miss the adder. The adder misses you.
Aim: a river rat (54% to hit)
The splash of poison misses the adder.
The splash of poison hits the river rat!
The river rat is poisoned.
The adder closely misses you.
You closely miss the adder. The adder bites you but does no damage.
The adder bites you.
You barely miss the adder. Your punch misses the adder.
The river rat bites you. The adder barely misses you.
You closely miss the adder.
The river rat bites you but does no damage.
The adder bites you but does no damage.
You hit the adder but do no damage. The adder closely misses you.
The river rat bites you.
You closely miss the adder. The adder bites you. The river rat bites you!
The adder bites you.
You barely miss the adder. You punch the adder, but do no damage.
The river rat looks more healthy.
The river rat bites you. The adder barely misses you.
You closely miss the adder.
You have got your breath back.
The adder closely misses you. The river rat barely misses you.
You miss the adder. The adder bites you. The river rat bites you.
* * * LOW HITPOINT WARNING * * *
Aim: a river rat (almost dead, 54% to hit)
The splash of poison hits the adder!
The adder is poisoned.
You kill the adder!
The river rat misses you.
You grow a pair of large bovine horns.
Your +0 helmet melds into your body.
The river rat bites you.
* * * LOW HITPOINT WARNING * * *
The river rat barely misses you.
You hit the river rat but do no damage. The river rat closely misses you.
The river rat barely misses you.
You hit the river rat.
You kill the river rat!
The river rat bites you!
You die...

#.............#
#......~....#.#
#..~.~~~~~..#÷#
##~~#~#~#####.#
#~~~~~~~~~##.#
#########~##.#
#~~~†~~##.#
#~#~#####.#
#@†~~##.#
#r##~#..# #~~
#..# ##~# #..#
~# #..# ~# #..#
####..# #.....#
#.....#


You could see a river rat.

Vanquished Creatures
  Crazy Yiuf (D:2)
  7 adders
  2 river rats (D:3)
  2 dart slugs (D:2)
  3 worms (D:3)
  4 bats
  4 endoplasms
  2 giant cockroaches
  5 goblins
  6 hobgoblins
  3 jackals (D:1)
  2 ball pythons (D:1)
  3 frilled lizards
  3 kobolds (D:1)
  4 rats
51 creatures vanquished.

Notes
Turn   | Place    | Note
-------+----------+-------------------------------------------
     0 | D:1      | Goreval the Naga Transmuter began the quest for the Orb.
     0 | D:1      | Reached XP level 1. HP: 18/18 MP: 3/3
   333 | D:1      | Reached XP level 2. HP: 25/25 MP: 1/5
   336 | D:1      | Learned a level 2 spell: Wereblood
  1424 | D:2      | Reached XP level 3. HP: 31/31 MP: 4/6
  1679 | D:2      | Found a runed translucent door.
  1680 | D:2      | Noticed Crazy Yiuf
  1687 | D:2      | Learned a level 3 spell: Spider Form
  1694 | D:2      | Killed Crazy Yiuf
  1695 | D:2      | Reached XP level 4. HP: 17/38 MP: 1/7
  2522 | D:3      | Reached XP level 5. HP: 36/45 MP: 6/8
  2527 | D:3      | Reached skill level 1 in Poison Magic
  2817 | D:3      | Slain by a river rat

Illustrated notes

Levels and vault maps discovered:
D:1:      ncdulo_smallfort, layout_basic
D:2:      layout_basic, grunt_ministairs_4, small_statue_intersection,
          uniq_crazy_yiuf_cottage
D:3:      layout_rooms, basic_ecumenical_altar, lightli_sewer_entry_pipes,
          due_unseen_surprise, uniq_robin

Skill      XL: |  1  2  3  4  5 |
---------------+----------------+-----
Dodging        | 2 |  2.1
Transmutations | 3 |  3.3
Poison Magic   | 1 |  1.3
Fighting       | |  1.9
Unarmed Combat | |  3.9
Spellcasting   | |  2.5

Action                   |  1- 3 |  4- 6 || total
-------------------------+-------+-------++-------
Melee: Unarmed           |    55 |    53 ||   108
       Headbutt          |     6 |    10 ||    16
       Punch             |     2 |     4 ||     6
Throw: Stone             |     1 |       ||     1
 Cast: Beastly Appendage |    20 |    15 ||    35
       Wereblood         |     1 |     1 ||     2
 Abil: Spit Poison       |    18 |    19 ||    37
 Stab: Sleeping          |       |     1 ||     1
Armor: Robe              |     3 |    13 ||    16
Dodge: Dodged            |    28 |    29 ||    57
